 Dungeon Crawl Stone Soup version 0.31-a0-636-ge1c0e020e0 (webtiles) character file.

Game seed: 11488091292291873833

67 jlumianski the Conjurer (level 4, 0/4 HPs)
             Began as a Human Wanderer on Aug 27, 2023.
             Slain by an adder (2 damage)
             ... on level 2 of the Dungeon.
             The game lasted 00:22:17 (2984 turns).

jlumianski the Conjurer (Human Wanderer)            Turns: 2984, Time: 00:22:21

Health: 0/4        AC:  3    Str: 16    XL:     4   Next: 38%
Magic:  7/7        EV:  9    Int: 16    God:
Gold:   71         SH:  0    Dex: 12    Spells: 3/8 levels left

rFire   . . .        a - melded +1 dagger
rCold   . . .        (shield currently unavailable)
rNeg    . . .        c - melded +0 robe
rPois   .            (helmet currently unavailable)
rElec   .            (cloak currently unavailable)
rCorr   .            (gloves currently unavailable)
SInv    .            m - melded +0 pair of boots
Will    .....        (no amulet)
Stlth   +            (no ring)
HPRegen 0.20/turn    (no ring)
MPRegen 0.10/turn

%: no passive effects
@: lethally poisoned (0 -> -5), snake-form
A: constrict, reduced hp, large
a: Begin Untransformation


You were on level 2 of the Dungeon.
You were an enormous anaconda.
You visited 1 branch of the dungeon, and saw 3 of its levels.

You collected 71 gold pieces.

Inventory:

Hand Weapons
 a - a +1 dagger (melded)
 i - a +0 mace of holy wrath
Missiles
 f - 6 javelins (quivered)
 l - 6 poisoned darts
Armour
 c - a +0 robe (melded)
 m - a +0 pair of boots (melded)
 r - a +0 leather armour
Magical Staves
 e - a staff of earth
Talismans
 o - a serpent talisman (active)
Scrolls
 n - a scroll of immolation {unknown}
 q - a scroll of vulnerability {unknown}
 s - a scroll of teleportation {unknown}
 t - a scroll of identify {unknown}
 u - a scroll of amnesia {unknown}
 v - a scroll of acquirement {unknown}
Potions
 b - a potion of might
 d - a potion of attraction
 g - 2 potions of enlightenment {unknown}
 h - a potion of magic {unknown}
 j - a potion of haste {unknown}
 k - a potion of degeneration {unknown}
 p - a potion of heal wounds {unknown}


   Skills:
 - Level 2.1 Fighting
 - Level 0.2 Short Blades
 - Level 2.5 Spellcasting
 - Level 3.1 Conjurations
 - Level 2.5 Summonings
 - Level 2.0 Evocations
 + Level 1.0 Shapeshifting


You had 3 spell levels left.
You knew the following spells:

 Your Spells              Type           Power      Damage    Failure   Level
a - Summon Small Mammal   Summ           40%        N/A       7%          1
b - Shock                 Conj/Air       28%        1d4       11%         1
c - Mephitic Cloud        Conj/Pois/Air  5%         N/A       36%         3

Your spell library contained the following spells:

 Spells                   Type           Power      Damage    Failure   Level
 Cigotuvi's Dreadful Rot  Necr/Pois/Air  4%         N/A       30%         2
 Animate Armour           Summ/Erth      12%        N/A       75%         4
 Summon Lightning Spire   Summ/Air       6%         N/A       75%         4
 Dispel Undead            Necr           2%         3d7       89%         4
 Death Channel            Necr           1%         N/A       100%        6


Dungeon Overview and Level Annotations

Branches:
Dungeon (3/15)

Altars:

Annotations:
D:2 1 runed translucent door, Crazy Yiuf


Message History

Your bat hits the adder. The adder bites you.
Your rat misses the adder.
You see here a +0 dagger.
Your bat closely misses the adder.
The adder attacks as it pursues you! The adder misses you.
You closely miss the adder.
The adder is lightly wounded.
The adder barely misses you. The rat bites your rat.
Your rat dies!
Your rat's corpse disappears in a puff of smoke!
The adder barely misses you.
Casting: Summon Small Mammal (safe; 7% risk of failure)
Confirm with . or Enter, or press ? or * to list all spells.
Your bat completely misses the adder.
Your bat closely misses the adder.
The rat bites your bat. The adder completely misses you.
Your bat hits the adder.
Your bat closely misses the adder.
The adder barely misses your bat. The rat misses your bat.
Your bat misses the adder.
There is a stone staircase leading up here.
Your bat barely misses the adder.
The adder misses your bat.
Your bat hits the adder but does no damage. x2
The rat closely misses your bat.
Your bat barely misses the adder.
The adder bites your bat.
Your bat barely misses the adder.
You climb upwards.
Your summoned ally is left behind.
There is a stone staircase leading down here.
You start resting.
Magic restored.
You start resting.
HP restored.
You begin transforming.
You continue transforming. x3
You turn into an enormous anaconda.
Your +1 dagger melds into your body.
Your +0 pair of boots melds into your body.
Your +0 robe melds into your body.
You climb downwards.
Level annotation: 1 runed translucent door, Crazy Yiuf The adder bites you.
Ouch! That really hurt!
You are lethally poisoned!
The adder poisons you! The adder bites you.
Ouch! That really hurt!
You die...

### ##.#########
##########...........
#......>)...).#####..
#.######.#...## ##.#.
##.#...##.##.## #.##.
#....S.r.....# ##.##
#..#..S##.##.# ##.#
#<.######.##+## ##.
#..######.#...## ##
#..............## #
#..######.......## ##
##...####........)####.
#.......'.........'....
##....###.........####.


You could see an adder and a rat.

Vanquished Creatures
  A worm (D:2)
  A dart slug (D:1)
  3 ball pythons
  2 bats (D:1)
  3 endoplasms
  A giant cockroach (D:1)
  2 goblins
  2 hobgoblins (D:1)
  4 kobolds
  10 rats (D:1)
29 creatures vanquished.

Vanquished Creatures (collateral kills)
  A ball python (D:1)
  4 bats
  4 endoplasms
  A giant cockroach (D:1)
  4 goblins
  5 hobgoblins
  3 quokkas
  A frilled lizard (D:1)
  A kobold (D:2)
  3 rats (D:1)
27 creatures vanquished.

Grand Total: 56 creatures vanquished

Notes
Turn   | Place    | Note
-------+----------+-------------------------------------------
     0 | D:1      | jlumianski the Human Wanderer began the quest for the Orb.
     0 | D:1      | jlumianski set off with the following items: a +0 dagger, a
                  | potion of might, a +0 robe, a potion of attraction; and the
                  | following spells available to memorise: Summon Small
                  | Mammal, Shock, Mephitic Cloud, Animate Armour, Summon
                  | Lightning Spire.
     0 | D:1      | Reached XP level 1. HP: 16/16 MP: 2/2
    54 | D:1      | Learned a level 1 spell: Summon Small Mammal
    56 | D:1      | Learned a level 1 spell: Shock
   169 | D:1      | Reached XP level 2. HP: 22/22 MP: 0/4
   509 | D:1      | Reached XP level 3. HP: 27/27 MP: 2/5
   703 | D:2      | Learned a level 3 spell: Mephitic Cloud
  1569 | D:1      | Reached XP level 4. HP: 33/33 MP: 4/7
  1796 | D:2      | Found a runed translucent door.
  1797 | D:2      | Noticed Crazy Yiuf
  2663 | D:2      | Reached skill level 1 in Shapeshifting
  2984 | D:2      | Slain by an adder

Illustrated notes

Levels and vault maps discovered:
D:1:      dpeg_arrival_ratfight, layout_loops_ring, serial_forest,
          infiniplex_forest_clump_curved, infiniplex_forest_end_1,
          infiniplex_forest_clump_curved, infiniplex_forest_clump_double,
          infiniplex_forest_clump_long, infiniplex_forest_clump_diagonal,
          infiniplex_forest_clump_medium, infiniplex_forest_clump_curved,
          infiniplex_forest_lined_3, infiniplex_forest_clump_curved,
          serial_bayou_ford_a, st_stairs_4
D:2:      layout_loops_corners, uniq_crazy_yiuf_cottage
D:3:      layout_rooms, lemuel_coloured_pillars_altar,
          mainiacjoe_overflow_small_starburst, kennysheep_orc_chapel

Skill      XL: |  1  2  3  4 |
---------------+-------------+-----
Spellcasting   | 2 |  2.5
Shapeshifting  | 1 |  1.0
Fighting       | |  2.1
Short Blades   | |  0.2
Conjurations   | |  3.1
Summonings     | |  2.5
Evocations     | |  2.0

Action                     |  1- 3 |  4- 6 || total
---------------------------+-------+-------++-------
  Melee: Dagger            |    98 |    27 ||   125
         Punch             |     1 |       ||     1
   Cast: Summon Small Mamm |    59 |    40 ||    99
    Use: Scroll            |     2 |       ||     2
   Stab: Distracted        |     1 |     1 ||     2
         Sleeping          |     1 |       ||     1
 Armour: Robe              |    25 |    12 ||    37
  Dodge: Dodged            |    68 |    36 ||   104
   Form: Anaconda          |       |     1 ||     1

Table legend: (Time is in decaauts)
 A = Elapsed time spent in this place.
 B = Non-inter-level travel time spent in this place.
 C = Inter-level travel time spent in this place.
 D = Time resting spent in this place.
 E = Time spent auto-exploring this place.
 F = Levels seen in this place.
 G = Mean time per level.
                   A        B        C        D        E       F      G
               +--------+--------+--------+--------+--------+-----+--------+
         Total |   2997 |   2925 |     72 |    192 |   1709 |   3 |  999.0 |
       Dungeon |   2997 |   2925 |     72 |    192 |   1709 |   3 |  999.0 |
               +--------+--------+--------+--------+--------+-----+--------+

Top non-repeatable levels by time:
     D:1: 1562 daAuts
     D:2: 1410 daAuts
     D:3: 24 daAuts
